 Dungeon Crawl Stone Soup version 0.21-a0-122-g43b3ea6 (webtiles) character file.

20 FrankyJ the Sneak (level 2, -4/18 HPs)
             Began as an Octopode Transmuter on July 13, 2017.
             Slain by a kobold
             ... wielding a +3 whip of electrocution
              (19 damage)
             ... on level 2 of the Dungeon.
             The game lasted 00:01:52 (950 turns).

FrankyJ the Sneak (Octopode Transmuter)              Turns: 950, Time: 00:01:52

Health: -4/18      AC:  1    Str:  9    XL:     2   Next: 79%
Magic:  5/5        EV: 13    Int: 15    God:
Gold:   116        SH:  0    Dex: 12    Spells: 2/5 levels left

rFire    . . .     SeeInvis .   e - +0 dagger
rCold    . . .     Gourm    .   (no shield)
rNeg     . . .     Faith    .   (helmet restricted)
rPois    .         Spirit   .   (no amulet)
rElec    .         Reflect  .   (no ring)
rCorr    .         Harm     .   (no ring)
MR       .....                  (no ring)
Stlth    +++.......             (no ring)
HPRegen  0.06/turn              (no ring)
MPRegen  0.09/turn              (no ring)
                                (no ring)
                                (no ring)

@: no status effects
A: almost no armour, stealthy swim, amphibious, 8 rings, constrict 8, camouflage
1, gelatinous body 1
a: no special abilities


You were on level 2 of the Dungeon.
You were not hungry.

You visited 1 branch of the dungeon, and saw 2 of its levels.

You collected 116 gold pieces.

Inventory:

Hand Weapons
 e - a +0 dagger (weapon)
Missiles
 a - 37 arrows
Scrolls
 d - 4 scrolls of teleportation {unknown}
 h - 2 scrolls of enchant weapon {unknown}
 k - a scroll of random uselessness {unknown}
Potions
 f - a potion of ambrosia {unknown}
Books
 b - a book of Changes

   Spells                             Type                      Level
   a - Beastly Appendage              Transmutation                1
   b - Sticks to Snakes               Transmutation                2
   c - Spider Form                    Transmutation/Poison         3
   d - Ice Form                       Ice/Transmutation            4
   e - Blade Hands                    Transmutation                5
Comestibles
 c - a bread ration
 g - 2 fruits
 i - 2 royal jellies
 j - 3 chunks of flesh


   Skills:
 - Level 1.0 Fighting
 - Level 2.0 Dodging
 + Level 3.5 Stealth
 - Level 3.0 Unarmed Combat
 - Level 2.0 Spellcasting
 - Level 2.0 Transmutations


You had 2 spell levels left.
You knew the following spells:

 Your Spells              Type           Power        Failure   Level  Hunger
a - Beastly Appendage     Tmut           #.....       10%         1    #......
b - Sticks to Snakes      Tmut           #.......     14%         2    ###....


Dungeon Overview and Level Annotations

Branches:
Dungeon (2/15)

Altars:


Innate Abilities, Weirdness & Mutations

You cannot wear most types of armour.
You are very stealthy in the water. (Stealth+)
You are amphibious.
You can wear up to eight rings at the same time.
You can use your tentacles to constrict eight enemies at once.
Your skin changes colour to match your surroundings (Stealth+).
Your rubbery body absorbs attacks. (AC +1, EV +1)


Message History

Your transformation is almost over.
Magic restored.
k - a scroll labeled SIRPHOG DEPRAH You aren't carrying any pieces of jewellery.
Okay, then.
HP restored.
Your tentacle spike disappears.
You now have 102 gold pieces (gained 14).
Found a stone staircase leading down.
Found 13 stones.
You now have 116 gold pieces (gained 14).
You see here 13 stones.
A goblin comes into view. It is wielding a club.
A kobold comes into view. It is wielding a whip of electrocution.
The kobold shouts!
The goblin shouts!
Found a stone staircase leading up.
The kobold hits you with a whip of electrocution.
You are electrocuted!
Ouch! That really hurt!
You die...

+.... #....# .... #.....
.... ....####..... ....
###.......... .....
#............ ..... ####
#............ ......#..
+............
......#g####......##.##.
......K@.<.+......+.....
#####.#.#.##......##.###
# #.# ##............ #.#
#.......#.### #.#
+............ #.#
#.......#.### #.#
#####...#.### #.#
#...#.##. #.# #...#.##.


You could see a goblin and a kobold.

Vanquished Creatures
  An adder (D:2)
  3 goblins
  2 hobgoblins (D:1)
  2 bats
  A frilled lizard (D:1)
  2 kobolds (D:1)
  A rat (D:1)
12 creatures vanquished.

Notes
Turn   | Place    | Note
-------+----------+-------------------------------------------
     0 | D:1      | FrankyJ the Octopode Transmuter began the quest for the Orb.
     0 | D:1      | Reached XP level 1. HP: 13/13 MP: 3/3
    46 | D:1      | Reached skill level 1 in Stealth
   194 | D:1      | Reached XP level 2. HP: 17/18 MP: 5/5
   551 | D:1      | Learned a level 2 spell: Sticks to Snakes
   950 | D:2      | Slain by a kobold

Vault maps used:
D:1:      saegor_arrival_simple_c, grunt_decor_mini_mirrors, lemuel_old_faithful
D:2:      minmay_wonky_spiral, gammafunk_temple_overflow_wave

Skill      XL: |  1  2 |
---------------+-------+-----
Stealth        | 2 3 |  3.5
Fighting       | |  1.0
Dodging        | |  2.0
Unarmed Combat | |  3.0
Spellcasting   | |  2.0
Transmutations | |  2.0

Action                   || total
-------------------------++-------
Melee: Unarmed           ||    10
       Constrict         ||     6
       Tentacles         ||     2
       Kick              ||     5
       Dagger            ||    16
 Cast: Beastly Appendage ||     8
  Use: Potion            ||     1
 Stab: Sleeping          ||     3
Armor: Skin              ||     1
Dodge: Dodged            ||    14
